 Dungeon Crawl Stone Soup version 0.22.1-2-g9c5b331 (webtiles) character file.

107 Angharad the Chopper (level 4, -1/41 HPs)
             Began as a Minotaur Berserker on Nov 16, 2018.
             Was a Believer of Trog.
             Killed from afar by an orc wizard (6 damage)
             ... with a magic dart
             ... on level 3 of the Dungeon.
             The game lasted 00:17:37 (2720 turns).

Angharad the Chopper (Minotaur Berserker)           Turns: 2720, Time: 00:17:38

Health: -1/41      AC:  2    Str: 23    XL:     4   Next: 57%
Magic:  3/3        EV: 12    Int:  4    God:    Trog [**....]
Gold:   94         SH:  0    Dex:  9    Spells: 3/3 levels left

rFire    . . .     SeeInvis .   a - +1 hand axe
rCold    . . .     Gourm    .   (no shield)
rNeg     . . .     Faith    .   j - +0 animal skin
rPois    .         Spirit   .   (helmet restricted)
rElec    .         Reflect  .   (no cloak)
rCorr    .         Harm     .   (no gloves)
MR       .....                  (no boots)
Stlth    +.........             (no amulet)
HPRegen  0.13/turn              (no ring)
MPRegen  0.08/turn              (no ring)

@: confused
A: retaliatory headbutt, horns 2
a: Berserk, Trog's Hand, Renounce Religion


You were on level 3 of the Dungeon.
You worshipped Trog.
Trog was pleased with you.
You were not hungry.

You visited 1 branch of the dungeon, and saw 3 of its levels.

You collected 94 gold pieces.

Inventory:

Hand Weapons
 a - a +1 hand axe (weapon)
 b - a +0 hunting sling
 w - a +0 blowgun
Missiles
 e - 18 sling bullets
 g - a poisoned needle
 h - 28 arrows
 m - 4 tomahawks (quivered)
 q - 11 bolts
Armour
 j - a +0 animal skin (worn)
Jewellery
 s - an uncursed amulet of faith {unknown}
Scrolls
 f - a scroll of identify {unknown}
 n - 2 scrolls of fog
Potions
 d - a potion of curing {unknown}
 k - 2 potions of invisibility {unknown}
 l - a potion of mutation {unknown}
 o - 2 potions of agility {unknown}
 p - a potion of brilliance {unknown}
 r - a potion of resistance
 t - a potion of berserk rage {unknown}
Comestibles
 c - 3 rations
 i - 3 chunks of flesh


   Skills:
 + Level 4.5 Fighting
 + Level 5.0 Axes
 + Level 2.5 Armour
 + Level 2.6 Dodging
 * Level 1.5 Stealth


You had 3 spell levels left.
You didn't know any spells.
Your spell library was empty.

Dungeon Overview and Level Annotations

Branches:
Dungeon (3/15)

Altars:
Ru

Annotations:
D:3 2 runed doors, MalarOregon's ghost, amateur MfEE


Innate Abilities, Weirdness & Mutations

You reflexively headbutt those who attack you in melee.
You have a pair of horns on your head.


Message History

You hit the orc wizard.
The orc wizard is almost dead.
You miss something.
You hear some strange, mumbled words.
A magic dart appears from out of thin air!
The magic dart hits you!
* * * LOW HITPOINT WARNING * * *
The orc wizard hits you with a dagger.
* * * LOW HITPOINT WARNING * * *
The orc wizard shouts!
The orc wizard casts a spell.
The orc wizard flickers and vanishes!
You hear some strange, mumbled words.
You are confused.
You bump into the rock wall.
There is an open door here.
You bump into the rock wall.
A magic dart appears from out of thin air!
The magic dart hits you!
You die...

,,* #........##########..# ,,*
#........##..........# ,,*
#........##..........#
,,**#........##..........##
,{'...##.#....'...........#######
,.##*,*#.######.........#........
,.###o##o######<........#........
,.......oo..r.'.........'........
,..##.##'######.@.......#......).
,,,*#,....,,,,#.........#........
**,*#......,,,#.........#........
*,*#.......,,#.........#........
*,*#........,#.........#........
*,*#.........####.######........
*,*#.##'###### #.# #.....##.
*,**,**,* #.# ***###...##.
**,**,**,* #.# #.##≈##'###.


You could see an orc wizard and a quokka.

Vanquished Creatures
  Terence (D:2)
  2 adders
  An ooze (D:3)
  A worm (D:3)
  A leopard gecko (D:2)
  6 orcs (D:3)
  4 bats
  3 giant cockroaches
  5 goblins
  6 hobgoblins
  4 kobolds
  3 quokkas
  2 ball pythons
  3 frilled lizards
  7 rats
49 creatures vanquished.

Notes
Turn   | Place    | Note
-------+----------+-------------------------------------------
     0 | D:1      | Angharad the Minotaur Berserker began the quest for the
                  | Orb.
     0 | D:1      | Reached XP level 1. HP: 19/19 MP: 0/0
   246 | D:1      | Reached skill level 4 in Axes
   246 | D:1      | Reached XP level 2. HP: 27/27 MP: 1/1
  1174 | D:2      | Reached ** piety under Trog
  1181 | D:2      | Reached XP level 3. HP: 33/33 MP: 2/2
  1436 | D:2      | Found a sacrificial altar of Ru.
  1513 | D:2      | Noticed Terence
  1533 | D:2      | Killed Terence
  1533 | D:2      | Reached skill level 1 in Stealth
  1654 | D:2      | Reached XP level 4. HP: 40/40 MP: 3/3
  1985 | D:3      | Found a large runed door.
  1986 | D:3      | Found a large runed door.
  2009 | D:3      | Noticed MalarOregon's ghost (amateur MfEE)
  2703 | D:3      | Reached skill level 5 in Axes
  2720 | D:3      | Killed from afar by an orc wizard

Skill      XL: |  1  2  3  4 |
---------------+-------------+-----
Axes           | 4 5 |  5.0
Fighting       | 4 |  4.5
Stealth        | 1 |  1.5
Armour         | |  2.5
Dodging        | |  2.6

Action                   |  1- 3 |  4- 6 || total
-------------------------+-------+-------++-------
Melee: Hand axe          |    73 |    39 ||   112
       Headbutt          |     8 |     2 ||    10
 Fire: Hunting sling     |     2 |       ||     2
       Blowgun           |       |     1 ||     1
Invok: Berserk           |       |     1 ||     1
  Use: Scroll            |       |     7 ||     7
 Stab: Sleeping          |     1 |       ||     1
  Eat: Chunk             |     2 |     2 ||     4
       Ration            |       |     1 ||     1
Armor: Animal skin       |    12 |     7 ||    19
Dodge: Dodged            |    46 |    23 ||    69
